 Dungeon Crawl Stone Soup version 0.15-a0-2123-gb18dd36 (webtiles) character file.

59 Kae the Firebug (level 4, -4/24 HPs)
             Began as a Tengu Fire Elementalist on July 16, 2014.
             Slain by Sigmund
             ... wielding a +0 scythe
              (6 damage)
             ... on Level 3 of the Dungeon.
             The game lasted 00:01:53 (1648 turns).

Kae the Firebug (Tengu Fire Elementalist)           Turns: 1648, Time: 00:01:54

HP  -4/24        AC  2     Str  8      XL: 4   Next:  3%
MP   8/8         EV 12     Int 16      God:
Gold 100         SH  0     Dex 15      Spells:  1 memorised,  6 levels left

rFire  . . .     SeeInvis .     o - +0 short sword
rCold  . . .     Clarity  .     a - +0 robe
rNeg   . . .     rCorr    .     (no shield)
rPois  .         rRot     .     (helmet restricted)
rElec  .         Spirit   .     (no cloak)
SustAb .         Warding  .     (no gloves)
rMut   .         Stasis   .     (boots unavailable)
Gourm  .                        (no amulet)
MR     .....                    (no ring)
                                e - ring of stealth

@: not resistant to hostile enchantments, fairly stealthy
A: beak, talons 3
a: no special abilities


You were on level 3 of the Dungeon.
You were not hungry.

You visited 1 branch of the dungeon, and saw 3 of its levels.

You collected 100 gold pieces.

Inventory:

Hand weapons
 o - a +0 short sword (weapon)
Armour
 a - a +0 robe (worn)
Comestibles
 c - 2 bread rations
 m - a beef jerky
 u - a slice of pizza
 v - 4 fruits
 w - a chunk of adder flesh
Scrolls
 d - 4 scrolls of identify {unknown}
 f - 2 scrolls of fear {unknown}
 g - a scroll of immolation {unknown}
 h - a scroll of amnesia {unknown}
 j - a scroll of fog {unknown}
 l - a scroll of random uselessness {unknown}
 n - a scroll of remove curse {unknown}
 p - a scroll of recharging {unknown}
 r - a scroll of teleportation {unknown}
 s - a scroll of enchant armour {unknown}
Jewellery
 e - a ring of stealth (left hand)
Potions
 i - a potion of heal wounds {unknown}
 k - a potion of restore abilities
 t - a potion of poison {unknown}
Books
 b - a book of Flames

   Spells                             Type                      Level
   *Flame Tongue                      Conjuration/Fire             1
   Throw Flame                        Conjuration/Fire             2
   Conjure Flame                      Conjuration/Fire             3
   Inner Flame                        Hexes/Fire                   3
   Sticky Flame                       Conjuration/Fire             4
   Fireball                           Conjuration/Fire             5
 q - a book of Ice

   Spells                             Type                      Level
   Metabolic Englaciation             Hexes/Ice                    5
   Ozocubu's Refrigeration            Ice                          6
   Bolt of Cold                       Conjuration/Ice              6
   Freezing Cloud                     Conjuration/Ice/Air          6
   Simulacrum                         Ice/Necromancy               6


   Skills:
 - Level 2.1 Dodging
 - Level 2.0 Stealth
 + Level 2.1 Spellcasting
 * Level 3.5 Conjurations
 * Level 4.2 Fire Magic


You had 6 spell levels left.
You knew the following spells:

 Your Spells              Type           Power        Failure   Level  Hunger
a - Flame Tongue          Conj/Fire      ##...        6%          1    #......


Dungeon Overview and Level Annotations

Branches:
Dungeon (3/15)

Altars:

Annotations:
D:3 Sigmund


Innate Abilities, Weirdness & Mutations

You have a beak for a mouth.
You have claws for feet.


Message History

The bat misses you. Sigmund closely misses you.
You closely miss Sigmund.
Sigmund is moderately wounded.
The bat hits you.
You hit Sigmund. Your kick misses Sigmund.
Sigmund is heavily wounded.
The bat hits you but does no damage. Sigmund hits you with a scythe!
Ouch! That really hurt!
* * * LOW HITPOINT WARNING * * *
The bat hits you.
* * * LOW HITPOINT WARNING * * *
The bat barely misses you. Sigmund barely misses you.
The bat barely misses you.
Wield which item (- for none, * to show all)? (? for menu, Esc to quit)
Okay, then.
Drink which item? (? for menu, Esc to quit)
You feel refreshed.
It was a potion of restore abilities.
The bat closely misses you.
Sigmund hits you from afar with a scythe.
You die...

#...#
###...###
#.<.....###
..........
......#
#...#
###@..#
#...b##
#@#### #.#
## #.# #.
#.# .. #.#
####. #.# .
.... #.#
#.# #.. #.#
#.# #.. #.#
#.# #..


You could see Sigmund and a bat.

Vanquished Creatures
  2 adders
  2 giant geckos
  4 bats
  3 goblins
  8 hobgoblins
  4 jackals (D:3)
  A ball python (D:1)
  2 giant newts (D:2)
  3 kobolds (D:2)
  A quokka (D:2)
  9 rats
39 creatures vanquished.

Notes
Turn   | Place    | Note
--------------------------------------------------------------
     0 | D:1      | Kae, the Tengu Fire Elementalist, began the quest for the Orb.
     0 | D:1      | Reached XP level 1. HP: 10/10 MP: 3/3
   229 | D:1      | Reached XP level 2. HP: 13/15 MP: 5/5
   919 | D:2      | Reached XP level 3. HP: 15/19 MP: 7/7
   924 | D:2      | Reached skill level 4 in Fire Magic
  1524 | D:3      | Reached XP level 4. HP: 17/24 MP: 8/8
  1634 | D:3      | Noticed Sigmund
  1645 | D:3      | HP: 1/24 [bat (1)]
  1648 | D:3      | Slain by Sigmund

Action                   |  1- 3 |  4- 6 || total
-------------------------+-------+-------++-------
Melee: Unarmed           |    41 |       ||    41
       Short sword       |    43 |    11 ||    54
 Cast: Flame Tongue      |    21 |       ||    21
  Use: Potion            |       |     1 ||     1
 Stab: Sleeping          |     6 |       ||     6
  Eat: Chunk             |     2 |     1 ||     3
